Map: Blackpink LE

Players

Juxtapose - Winner!

  • Race: Zerg Zerg
  • League: Gold
  • Spawn Location: 1:00

FernandoHase

  • Race: Protoss Protoss
  • League: Gold
  • Spawn Location: 7:00

VOD

https://youtu.be/AAWe3kJBju8

Description

I think my opponent was going to try for some offensive Photon Canons, but I'm not 100% sure.

I also should have Morphed some Ravagers sooner, but it all worked out.

With this match, Zerg is now statistically my best Race in Ranked, and I'm also 2 MMR away from getting back into Gold League Tier 1.

Time

  • Played on: Nov. 29, 2017, 7:44 p.m.
  • Length: 10:23
Show
View Real Time Build Order
Export as new Build Order

Juxtapose Zerg - Winner!

Build Orders: Hatch First 

Get SALT Encoding   

  12  0:01  Drone  
  13  0:08  Drone  
  14  0:17  Overlord  
  14  0:35  Drone x2  
  16  0:53  Hatchery  
  16  0:54  Drone  
  16  1:00  Extractor  
  16  1:01  Drone  
  16  1:13  Spawning Pool  
  16  1:17  Drone  
  16  1:28  Overlord  
  16  1:41  Drone x3  
  19  2:01  Zergling x2  
  20  2:02  Queen  
  20  2:04  Drone  
  23  2:17  Drone x2  
  25  2:26  Queen  
  25  2:28  Drone  
  28  2:35  Drone x2  
  30  2:39  Drone  
  31  2:55  Extractor  
  31  2:56  Drone x2  
  32  3:04  Overlord  
  32  3:09  Drone x3  
  35  3:19  Drone  
  36  3:29  Roach Warren  
  35  3:38  Queen  
  35  3:39  Drone x2  
  35  3:40  Drone x5  
  44  3:42  Overlord  
  44  3:47  Extractor  
  43  4:00  Drone  
  44  4:05  Evolution Chamber  
  44  4:07  Lair  
  43  4:14  Drone x3  
  43  4:15  Drone x2  
  48  4:17  Roach x2  
  48  4:18  Overlord x2  
  52  4:31  Extractor  
  52  4:33  Drone  
  52  4:36  Queen  
  54  4:48  Spore Crawler  
  54  4:50  Spore Crawler  
  54  4:51  Drone x2  
  54  4:52  Drone x3  
  57  4:54  Drone  
  57  4:55  Roach x4  
  66  5:03  Zerg Missile Weapons Level 1  
  66  5:12  Roach  
  66  5:13  Overlord  
  68  5:34  Hydralisk Den, Overlord x2  
  67  5:42  Roach x4  
  75  5:43  Overlord  
  75  5:48  Burrow  
  75  5:52  Roach x2  
  79  6:01  Overseer  
  79  6:02  Overseer  
  79  6:05  Overseer  
  79  6:07  Hydralisk x5  
  89  6:13  Glial Reconstitution  
  89  6:16  Muscular Augments  
  89  6:33  Hydralisk  
  89  6:34  Hydralisk x4  
  89  6:39  Overlord x3  
  99  6:40  Overlord  
  99  6:59  Zerg Ground Armor Level 1  
  99  7:00  Hatchery, Hydralisk x3  
  104  7:28  Overlord x2  
  106  7:30  Roach x4, Hydralisk x4  
  120  7:50  Hydralisk x4  
  111  8:25  Hydralisk x2, Overlord x4  
  111  8:26  Hydralisk x5  
  125  8:31  Drone  
  126  8:40  Overseer x3, Roach x2  
  126  8:47  Roach  
  126  8:50  Drone x2  
  128  9:01  Ravager x2  
  130  9:07  Ravager  
  131  9:15  Extractor  
  130  9:17  Spore Crawler  
  130  9:18  Hydralisk x5  
  130  9:20  Roach x4, Extractor  
Show
View Real Time Build Order
Export as new Build Order

FernandoHase Protoss 

Build Orders:  

Get SALT Encoding   

  12  0:01  Probe  
  13  0:18  Probe  
  14  0:21  Pylon  
  14  0:30  Probe  
  15  0:42  Probe  
  16  0:44  Gateway  
  16  0:53  Pylon  
  16  0:56  Probe  
  17  1:08  Probe  
  17  1:10  Gateway  
  18  1:20  Probe  
  19  1:34  Pylon  
  19  1:40  Forge  
  19  1:49  Cybernetics Core  
  19  1:55  Probe  
  20  2:03  Assimilator  
  20  2:04  Assimilator  
  20  2:07  Probe  
  21  2:19  Probe  
  21  2:22  Zealot x2  
  26  2:31  Probe  
  27  2:43  Probe  
  28  2:49  Nexus  
  28  2:55  Probe  
  29  3:15  Pylon  
  29  3:19  Pylon  
  29  3:24  Zealot  
  29  3:25  Pylon  
  31  3:33  Zealot  
  33  3:41  Twilight Council  
  33  3:51  Robotics Facility  
  33  3:58  Probe, Stargate  
  34  4:11  Stalker  
  34  4:13  Stalker  
  38  4:22  Pylon  
  38  4:23  Probe  
  39  4:26  Probe  
  40  4:35  Probe  
  40  4:38  Probe  
  42  4:47  Probe  
  42  4:50  Probe, Robotics Bay  
  44  4:54  Protoss Ground Weapons Level 1  
  44  5:07  Stalker  
  44  5:14  Observer  
  47  5:18  Probe x2  
  49  5:27  Assimilator  
  49  5:29  Assimilator  
  49  5:30  Probe x2  
  51  5:37  Stalker x2  
  51  5:42  Probe x2  
  57  5:54  Probe x2  
  59  6:06  Probe x2, Photon Cannon  
  59  6:07  Photon Cannon  
  59  6:10  Photon Cannon  
  61  6:17  Pylon  
  61  6:18  Probe  
  61  6:19  Probe  
  61  6:25  Stalker x2  
  67  6:31  Probe  
  72  6:34  Disruptor  
  72  6:38  Phoenix  
  73  6:54  Nexus  
  73  7:03  Phoenix  
  73  7:08  Pylon  
  75  7:13  Probe x2  
  77  7:25  Probe x2  
  77  7:28  Phoenix  
  81  7:32  Disruptor  
  84  7:41  Protoss Ground Weapons Level 2  
  84  7:43  Charge  
  84  7:53  Phoenix  
  80  8:07  Colossus  
  81  8:39  Stalker x2  
  85  8:57  Pylon  
  85  9:01  Pylon  
  85  9:04  Photon Cannon  
  85  9:08  Photon Cannon  
  85  9:09  Photon Cannon  
  85  9:15  Void Ray  
  89  9:18  Colossus  
  89  9:20  Shield Battery  
  95  9:35  Stalker  
  95  9:36  Stalker  
  97  9:46  Gateway  
Tags
 
League
GoldGold
Matchup
PvZ
Spawn Locations
Cross Positions
Add a new tag
Caveats
  • Supply blocks, unpowered buildings, or Contaminate may cause inaccurate times.
  • Supply counts are checked every 10 seconds.